 Dungeon Sprint DCSS version 0.21.1-1-g345015f (webtiles) character file.

478 Fang the Cleaver (level 7, -2/52 HPs)
             Began as a Gargoyle Berserker on May 24, 2018.
             Was a High Priest of Trog.
             Slain by a sky beast (4 damage)
             ... in the Dungeon (Sprint IX: "|||||||||||||||||||||||||||||").
             The game lasted 00:00:58 (563 turns).

Fang the Cleaver (Gargoyle Berserker)                Turns: 563, Time: 00:00:59

Health: -2/52      AC:  9    Str: 23    XL:     7   Next: 11%
Magic:  7/7        EV: 15    Int:  7    God:    Trog [*****.]
Gold:   0          SH:  0    Dex:  9    Spells: 6/6 levels left

rFire    . . .     SeeInvis .   a - +0 hand axe
rCold    . . .     Gourm    .   (no shield)
rNeg     + . .     Faith    .   b - +0 animal skin
rPois    ∞         Spirit   .   (no helmet)
rElec    +         Reflect  .   (no cloak)
rCorr    .         Harm     .   (no gloves)
MR       .....     NoTele   +   (no boots)
Stlth    +.........             (no amulet)
HPRegen  0.17/turn              o - +2 ring of evasion
MPRegen  0.10/turn              p - +2 ring of protection

@: berserk cooldown, slowed, very slow
A: negative energy resistance 1, electricity resistance, unbreathing,
petrification resistance, rot immunity, AC +4
a: Berserk, Trog's Hand, Brothers in Arms, Burn Spellbooks, Renounce Religion


You were in the Dungeon.
You worshipped Trog.
Trog was extremely pleased with you.
You were hungry.

You visited 1 branch

Inventory:

Hand Weapons
 a - a +0 hand axe (weapon)
 n - a +1 broad axe of freezing
Armour
 b - a +0 animal skin (worn)
Jewellery
 o - a +2 ring of evasion (left hand)
 p - a +2 ring of protection (right hand)
Wands
 m - a wand of iceblast (10)
Scrolls
 i - 2 scrolls of blinking
 l - 3 scrolls of remove curse
Potions
 d - 5 potions of curing
 e - 3 potions of heal wounds
 f - a potion of haste
 g - 4 potions of magic
 h - a potion of berserk rage
 k - a potion of invisibility
Comestibles
 c - a ration
 j - 2 chunks of flesh


   Skills:
 + Level 9.7 Fighting
 + Level 9.9 Axes
 + Level 4.8 Armour
 + Level 4.2 Dodging


You had 6 spell levels left.
You didn't know any spells.

Dungeon Overview and Level Annotations

Branches:
Dungeon (1/1)

Altars:
Cheibriados
Dithmenos
Elyvilon
Fedhas
Gozag
Hepliaklqana
Kikubaaqudgha
Makhleb
Nemelex Xobeh
Okawaru
Qazlal
Ru
Sif Muna
Trog
Uskayaw
Vehumet
Wu Jian
Xom
Yredelemnul
Zin
The Shining One
Beogh
Jiyva
Lugonu


Innate Abilities, Weirdness & Mutations

You are resistant to torment.
Your stone body is resilient. (AC +4)
You are immune to poison.
You resist negative energy. (rN+)
You are resistant to electric shocks. (rElec)
You can survive without breathing.
You are immune to petrification.
You are immune to rotting.


Message History

Something hits you but does no damage.
Unknown command.
You hit the phantom.
The phantom is heavily damaged.
You closely miss something. The phantom completely misses you.
Something barely misses you.
Unknown command.
You completely miss the phantom.
The phantom is heavily damaged.
You closely miss something. The phantom barely misses you.
Something hits you but does no damage.
Unknown command.
You hit the phantom but do no damage.
The phantom is heavily damaged.
You barely miss something.
You are feeling hungry.
The phantom hits you.
* * * LOW HITPOINT WARNING * * *
Something hits you.
You die...

▓.▓
▓.▓
▓.▓
▓F▓
▓o▓
▓W▓
▓l▓
▓{▓
▓@▓
▓W▓
▓'▓
▓.▓
▓.▓
▓[▓
▓[▓
▓[▓
▓)▓


You could see a komodo dragon, a phantom, a hungry ghost, an orc warrior and a
bullfrog.

Vanquished Creatures
  A hippogriff (D)
  An ogre (D)
  A scorpion (D)
  A howler monkey (D)
  A crimson imp (D)
  2 jellies (D)
  A worker ant (D)
  A leopard gecko (D)
  An orc (D)
  A bat zombie (D)
  A hobgoblin (D)
  A ball python skeleton (D)
  2 kobolds (D)
  A rat (D)
16 creatures vanquished.

Notes
Turn   | Place    | Note
-------+----------+-------------------------------------------
     0 | D        | Fang the Gargoyle Berserker began the quest for the Orb.
     0 | D        | Reached XP level 1. HP: 14/14 MP: 1/1
    13 | D        | Reached ** piety under Trog
   351 | D        | Noticed an ogre
   351 | D        | Noticed a crimson imp
   351 | D        | Noticed a howler monkey
   351 | D        | Noticed a jelly
   354 | D        | Killed a jelly
   354 | D        | Reached skill level 5 in Fighting
   354 | D        | Reached XP level 2. HP: 21/21 MP: 2/2
   354 | D        | Reached XP level 3. HP: 26/26 MP: 3/3
   357 | D        | Reached *** piety under Trog
   357 | D        | Reached skill level 5 in Axes
   357 | D        | Reached XP level 4. HP: 32/32 MP: 4/4
   367 | D        | Killed an ogre
   367 | D        | Reached XP level 5. HP: 34/39 MP: 5/5
   431 | D        | Found a roughly hewn altar of Beogh.
   431 | D        | Found a snail-covered altar of Cheibriados.
   431 | D        | Found a shadowy altar of Dithmenos.
   431 | D        | Found a white marble altar of Elyvilon.
   431 | D        | Found a blossoming altar of Fedhas.
   431 | D        | Found an opulent altar of Gozag.
   432 | D        | Found a hazy altar of Hepliaklqana.
   433 | D        | Found a viscous altar of Jiyva.
   434 | D        | Found an ancient bone altar of Kikubaaqudgha.
   435 | D        | Found a corrupted altar of Lugonu.
   436 | D        | Found a burning altar of Makhleb.
   437 | D        | Found a sparkling altar of Nemelex Xobeh.
   438 | D        | Found an iron altar of Okawaru.
   439 | D        | Found a stormy altar of Qazlal.
   440 | D        | Found a sacrificial altar of Ru.
   441 | D        | Found a deep blue altar of Sif Muna.
   442 | D        | Found a bloodstained altar of Trog.
   443 | D        | Found a hide-covered altar of Uskayaw.
   444 | D        | Found a radiant altar of Vehumet.
   445 | D        | Found an ornate altar of the Wu Jian Council.
   446 | D        | Found a shimmering altar of Xom.
   447 | D        | Found a basalt altar of Yredelemnul.
   448 | D        | Found a glowing silver altar of Zin.
   449 | D        | Found a glowing golden altar of the Shining One.
   510 | D        | Noticed a hippogriff
   510 | D        | Noticed a phantom
   514 | D        | Reached **** piety under Trog
   514 | D        | Reached XP level 6. HP: 44/44 MP: 6/6
   529 | D        | Killed a hippogriff
   535 | D        | Reached ***** piety under Trog
   535 | D        | Reached XP level 7. HP: 37/52 MP: 7/7
   540 | D        | Noticed a hungry ghost
   540 | D        | Noticed a komodo dragon
   560 | D        | HP: 2/52 [phantom (2)]
   563 | D        | Slain by a sky beast

Skill      XL: |  1  2  3  4  5  6 |
---------------+-------------------+-----
Axes           | 4 5 7 8 9 |  9.9
Fighting       | 5 6 8 9 |  9.7
Armour         | 3 4 |  4.8
Dodging        | 2 3 4 |  4.2

Action                   |  1- 3 |  4- 6 |  7- 9 || total
-------------------------+-------+-------+-------++-------
Melee: Hand axe          |    22 |    30 |    19 ||    71
Invok: Berserk           |     1 |     1 |       ||     2
Armor: Animal skin       |     4 |     9 |    16 ||    29
Dodge: Dodged            |     6 |    14 |    21 ||    41
